 Dungeon Crawl Stone Soup version 0.31-a0-609-g7bf6ffcfed (webtiles) character file.

Game seed: 848644070549500301

205 Aj7335 the Changeling (level 5, 0/40 HPs)
             Began as a Demigod Shapeshifter on Aug 21, 2023.
             Slain by a gnoll
             ... wielding a +0 flail
              (4 damage)
             ... on level 3 of the Dungeon.
             The game lasted 00:07:39 (1548 turns).

Aj7335 the Changeling (Demigod Shapeshifter)        Turns: 1548, Time: 00:07:39

Health: 0/40       AC:  8    Str: 16    XL:     5   Next: 27%
Magic:  7/7        EV: 13    Int: 10    God:
Gold:   135        SH:  0    Dex: 18    Spells: 4/4 levels left

rFire   . . .        m - +0 short sword
rCold   . . .        (no shield)
rNeg    . . .        l - +0 chain mail
rPois   .            (helmet currently unavailable)
rElec   .            (cloak currently unavailable)
rCorr   .            (gloves currently unavailable)
SInv    .            (boots currently unavailable)
Will    .....        (no amulet) Stlth
                     o - +5 ring of evasion
HPRegen 0.26/turn    (no ring)
MPRegen 0.10/turn

%: no passive effects
@: beast-form
A: beast (slay +2), high MP 1, forlorn, divine attributes
a: Begin Untransformation


You were on level 3 of the Dungeon.
You were a hulking beast.
You visited 1 branch of the dungeon, and saw 3 of its levels.

You collected 135 gold pieces.

Inventory:

Hand Weapons
 m - a +0 short sword (weapon)
Armour
 a - a +0 animal skin
 h - a +0 leather armour
 l - a +0 chain mail (worn)
Jewellery
 o - a +5 ring of evasion (left hand)
Talismans
 c - a beast talisman (active)
 d - a flux talisman
Scrolls
 e - 2 scrolls of identify
 f - a scroll of teleportation
 k - a scroll of enchant weapon {unknown}
 n - a scroll of amnesia {unknown}
 p - a scroll of immolation {unknown}
 q - a scroll of revelation {unknown}
Potions
 b - a potion of lignification
 g - a potion of berserk rage
 i - a potion of heal wounds {unknown}
 j - a potion of might {unknown}


   Skills:
 + Level 1.4 Fighting
 + Level 1.7 Short Blades
 + Level 1.5 Armour
 + Level 2.6 Dodging
 + Level 0.4 Stealth
 + Level 3.3 Unarmed Combat
 + Level 3.4 Shapeshifting


You had 4 spell levels left.
You didn't know any spells.
Your spell library was empty.

Dungeon Overview and Level Annotations

Branches:
Dungeon (3/15)


Innate Abilities, Weirdness & Mutations

You are a hulking beast.
Your limbs bulge with bestial killing power. (Slay +2)
You have an increased reservoir of magic. (+10% MP)
You shall have no god before yourself.
Your divine heritage dramatically boosts your attributes as you level up.


Message History

Unknown command.
There are monsters nearby!
You hit the gnoll.
The gnoll is severely wounded.
The gnoll misses you. The gnoll barely misses you.
The gnoll hits you with a +0 spear.
There are monsters nearby!
You hit the gnoll.
You kill the gnoll!
The gnoll closely misses you. The gnoll misses you.
Unknown command.
There are monsters nearby!
You hit the gnoll but do no damage. The gnoll hits you with a +0 flail.
The gnoll completely misses you.
Unknown command.
There are monsters nearby!
Unknown command.
Unknown command.
There are monsters nearby!
You hit the gnoll.
The gnoll is moderately wounded.
The gnoll hits you with a +0 flail. The gnoll hits you with a +0 spear.
There are monsters nearby!
You are too injured to fight recklessly!
Unknown command.
There are monsters nearby!
You are too injured to fight recklessly!
You hit the gnoll.
The gnoll is heavily wounded.
The gnoll misses you. x2
You hit the gnoll.
The gnoll is severely wounded.
The gnoll hits you with a +0 flail!
* * * LOW HITPOINT WARNING * * *
The gnoll hits you with a +0 spear.
* * * LOW HITPOINT WARNING * * *
You hit the gnoll.
The gnoll is almost dead.
The gnoll hits you with a +0 flail.
You die...

#.# #.#
#.###
#... #..#
#..##.#
#.....#
#.#####.#
#hg.....#
#)g.....#
#.#####.#
... ###


You could see 2 gnolls.

Vanquished Creatures
  Sigmund (D:2)
  A gnoll (D:3)
  A worm (D:2)
  A dart slug (D:2)
  2 endoplasms (D:1)
  5 giant cockroaches
  A goblin (D:1)
  3 hobgoblins
  2 jackals (D:2)
  5 kobolds
  6 ball pythons
  2 bats (D:2)
  4 frilled lizards
  4 rats
38 creatures vanquished.

Notes
Turn   | Place    | Note
-------+----------+-------------------------------------------
     0 | D:1      | Aj7335 the Demigod Shapeshifter began the quest for the
                  | Orb.
     0 | D:1      | Reached XP level 1. HP: 15/15 MP: 3/3
   328 | D:1      | Reached XP level 2. HP: 22/22 MP: 4/4
   555 | D:1      | Reached skill level 1 in Fighting
   904 | D:2      | Reached XP level 3. HP: 28/28 MP: 5/5
  1228 | D:2      | Noticed Sigmund
  1238 | D:2      | Killed Sigmund
  1239 | D:2      | Reached skill level 1 in Short Blades
  1239 | D:2      | Reached skill level 1 in Armour
  1239 | D:2      | Reached XP level 4. HP: 19/35 MP: 6/6
  1239 | D:2      | Reached XP level 5. HP: 22/40 MP: 7/7
  1548 | D:3      | Slain by a gnoll

Illustrated notes

Levels and vault maps discovered:
D:1:      minmay_arrival_shoal_huts, layout_loops_ring, minmay_pentomino_o2
D:2:      layout_loops_ring, minmay_misc_feat_secret_circle, minmay_surrounded,
          uniq_sigmund
D:3:      layout_basic, lemuel_round_altar, trog_butcher_becter

Skill      XL: |  1  2  3 |
---------------+----------+-----
Shapeshifting  | 3 |  3.4
Fighting       | 1 |  1.4
Dodging        | 2 |  2.6
Unarmed Combat | 3 |  3.3
Short Blades   | 1 |  1.7
Armour         | 1 |  1.5
Stealth        | |  0.4

Action                     |  1- 3 |  4- 6 || total
---------------------------+-------+-------++-------
  Melee: Unarmed           |    44 |       ||    44
         Short sword       |    70 |    30 ||   100
    Use: Scroll            |     2 |       ||     2
 Armour: Animal skin       |     3 |       ||     3
         Chain mail        |    28 |     8 ||    36
         Leather armour    |     2 |       ||     2
  Dodge: Dodged            |    74 |    29 ||   103
   Form: Beast             |     1 |       ||     1
         Flux              |     1 |       ||     1

Table legend: (Time is in decaauts)
 A = Elapsed time spent in this place.
 B = Non-inter-level travel time spent in this place.
 C = Inter-level travel time spent in this place.
 D = Time resting spent in this place.
 E = Time spent auto-exploring this place.
 F = Levels seen in this place.
 G = Mean time per level.
                   A        B        C        D        E       F      G
               +--------+--------+--------+--------+--------+-----+--------+
         Total |   1543 |   1480 |     63 |    282 |    864 |   3 |  514.3 |
       Dungeon |   1543 |   1480 |     63 |    282 |    864 |   3 |  514.3 |
               +--------+--------+--------+--------+--------+-----+--------+

Top non-repeatable levels by time:
     D:2: 764 daAuts
     D:1: 758 daAuts
     D:3: 19 daAuts
